 Dungeon Crawl Stone Soup version 0.26-a0-278-g3b0d5afba5 (webtiles) character file.

Game seed: 2776340313433778961

39 BritishOli the Skirmisher (level 3, 0/29 HPs)
             Began as a Demonspawn Fighter on July 12, 2020.
             Slain by a gnoll
             ... wielding a +0 halberd
              (4 damage)
             ... on level 2 of the Dungeon.
             The game lasted 00:00:49 (1484 turns).

BritishOli the Skirmisher (Demonspawn Fighter)      Turns: 1484, Time: 00:00:50

Health: 0/29       AC:  8    Str: 17    XL:     3   Next: 28%
Magic:  3/3        EV:  7    Int:  9    God:
Gold:   127        SH:  9    Dex: 12    Spells: 2/2 levels left

rFire    . . .     SeeInvis .   a - +0 long sword
rCold    . . .     Faith    .   c - +0 kite shield
rNeg     . . .     Spirit   .   b - +0 scale mail
rPois    .         Reflect  .   (no helmet)
rElec    .         Harm     .   (no cloak)
rCorr    .                      (no gloves)
MR       .....                  (no boots)
Stlth    ..........             (no amulet)
HPRegen  0.09/turn              f - ring of attention (curse)
MPRegen  0.08/turn              (no ring)

@: no status effects
A: hooves 1, iridescent scales 1
a: no special abilities


You were on level 2 of the Dungeon.
You visited 1 branch of the dungeon, and saw 2 of its levels.

You collected 127 gold pieces.

Inventory:

Hand Weapons
 a - a +0 long sword (weapon)
Armour
 b - a +0 scale mail (worn)
 c - a +0 kite shield (worn)
Jewellery
 f - a cursed ring of attention (left hand)
Scrolls
 e - 2 scrolls of remove curse {unknown}
 h - 2 scrolls of enchant armour {unknown}
 i - a scroll of teleportation {unknown}
 j - a scroll of amnesia {unknown}
 l - a scroll of identify {unknown}
 n - a scroll of fear {unknown}
 o - a scroll of magic mapping {unknown}
Potions
 d - a potion of might
 g - 3 potions of curing {unknown}
 k - a potion of heal wounds {unknown}
 m - a potion of lignification {unknown}


   Skills:
 + Level 3.4 Fighting
 + Level 2.2 Long Blades
 + Level 3.0 Armour
 + Level 3.0 Shields


You had 2 spell levels left.
You didn't know any spells.
Your spell library contained the following spells:

 Spells                   Type           Power        Failure   Level
 Beastly Appendage        Tmut           #.....       99%         1
 Sticks to Snakes         Tmut           #.......     100%        2
 Spider Form              Tmut/Pois      #.........   100%        3
 Ice Form                 Ice/Tmut       #.......     100%        4
 Blade Hands              Tmut           #.........   100%        5


Dungeon Overview and Level Annotations

Branches:
Dungeon (2/15)

Altars:


Innate Abilities, Weirdness & Mutations

You have large cloven feet.
You are partially covered in iridescent scales. (AC +2)


Message History

The gnoll hits you from afar with a +0 halberd.
The gnoll barely misses you.
There are monsters nearby!
You are too injured to fight recklessly!
There are monsters nearby!
There are monsters nearby!
You are too injured to fight recklessly!
There are monsters nearby!
You hit the gnoll.
The gnoll is severely wounded.
The gnoll hits you from afar with a +0 halberd.
The gnoll hits you with a +0 spear.
* * * LOW HITPOINT WARNING * * *
You closely miss the gnoll.
The gnoll is severely wounded.
The gnoll hits you from afar with a +0 halberd.
* * * LOW HITPOINT WARNING * * *
The gnoll closely misses you. The gnoll hits you but does no damage.
The gnoll hits you from afar with a +0 halberd.
You die...

#.# # ## #.# # # . #.#
# .#. #.# # #.. #.# #
#.# #.# # #.#
###.######
#####g#######.........
#..g.@................
#.####################


You could see 2 gnolls.

Vanquished Creatures
  2 worms (D:2)
  A leopard gecko (D:1)
  2 giant cockroaches
  2 goblins (D:1)
  4 hobgoblins
  4 jackals (D:2)
  2 quokkas (D:2)
  7 bats (D:1)
  2 frilled lizards
  2 kobolds (D:1)
  2 rats (D:1)
30 creatures vanquished.

Notes
Turn   | Place    | Note
-------+----------+-------------------------------------------
     0 | D:1      | BritishOli the Demonspawn Fighter began the quest for the
                  | Orb.
     0 | D:1      | Reached XP level 1. HP: 18/18 MP: 1/1
   196 | D:1      | Gained mutation: You have large cloven feet. [demonic
                  | ancestry]
   196 | D:1      | Reached XP level 2. HP: 21/24 MP: 2/2
  1131 | D:2      | Gained mutation: You are partially covered in iridescent
                  | scales. (AC +2) [demonic ancestry]
  1131 | D:2      | Reached XP level 3. HP: 20/29 MP: 3/3
  1484 | D:2      | Slain by a gnoll

Illustrated notes

Levels and vault maps discovered:
D:1:      dpeg_arrival_orchard, layout_loops_corners, minmay_small_reverse_x
D:2:      layout_loops_ring, nemelex_diamond_rough_becter, uniq_sigmund

Skill      XL: |  1  2 |
---------------+-------+-----
Long Blades    | 2 |  2.2
Shields        | 3 |  3.0
Armour         | 3 |  3.0
Fighting       | |  3.4

Action                   || total
-------------------------++-------
Melee: Long sword        ||   110
       Kick              ||    16
Armor: Scale mail        ||    68
Dodge: Dodged            ||    35
Block: Kite shield       ||    65
       Rpst.: Long sword ||    10

Table legend:
 A = Non-vault XP
 B = Vault XP
 C = Vault XP percentage of total XP
 D = Non-vault monster count
 E = Vault monster count
 F = Vault count percentage of total count
                 A         B        C        D         E       F
            +---------+---------+-------+---------+---------+-------
      Total |      51 |       6 |  10.5 |      26 |       4 |  13.3
            +---------+---------+-------+---------+---------+-------
        D:1 |      22 |       6 |  21.4 |      14 |       4 |  22.2
        D:2 |      29 |       0 |   0.0 |      12 |       0 |   0.0
            +---------+---------+-------+---------+---------+-------
